 Dungeon Crawl Stone Soup version 0.31.0-32-g396128a36d (webtiles) character file.

Game seed: 8925226116949648392

1856 Peloso the Covered (level 8, 0/64 (70) HPs)
             Began as a Minotaur Fighter on Apr 5, 2024.
             Was a Follower of Okawaru.
             Slain by Jeremiah
             ... wielding a +4 trident of draining
              (3 damage)
             ... on level 6 of the Dungeon.
             The game lasted 00:09:24 (6508 turns).

Peloso the Covered (Minotaur Fighter)               Turns: 6508, Time: 00:09:24

HP:   0/64 (70)     AC: 11    Str: 21    XL:     8   Next: 89%
MP:   7/7           EV:  9    Int:  5    God:    Okawaru [*.....]
Gold: 329           SH:  5    Dex: 12    Spells: 7/7 levels left

rFire   . . .        b - +0 falchion (heavy)
rCold   . . .        d - +0 buckler
rNeg    . . .        c - +1 chain mail
rPois   .            (helmet currently unavailable)
rElec   .            (cloak currently unavailable)
rCorr   +            (gloves currently unavailable)
SInv    .            (boots currently unavailable)
Will    .....        (no amulet) Stlth
                     u - ring of resist corrosion
HPRegen 0.30/turn    (no ring)
MPRegen 0.10/turn

%: no passive effects
@: beast-form, drained
A: beast (slay +1), horns 2, retaliatory headbutt
a: Begin Untransformation, Renounce Religion, Heroism


You were on level 6 of the Dungeon.
You worshipped Okawaru.
Okawaru was aware of your devotion.
You were a hulking beast.
You visited 2 branches of the dungeon, and saw 7 of its levels.

You collected 329 gold pieces.

Inventory:

Hand Weapons
 a - a +0 long sword
 b - a +0 heavy falchion (weapon)
Missiles
 y - a throwing net (quivered)
Armour
 c - a +1 chain mail (worn)
 d - a +0 buckler (worn)
 D - a +0 cloak
Jewellery
 p - a ring of magical power
 u - a ring of resist corrosion (left hand)
 w - a +6 ring of intelligence
Talismans
 f - a beast talisman (active)
 A - a flux talisman
Wands
 r - a wand of polymorph (8)
 v - a wand of flame (18)
Scrolls
 l - a scroll of poison
 m - a scroll of fog
 q - 3 scrolls of fear
 t - 2 scrolls of teleportation
 x - a scroll of amnesia
 B - a scroll of acquirement {unknown}
 F - 3 scrolls of identify {unknown}
 G - a scroll of noise {unknown}
Potions
 e - 3 potions of might
 g - a potion of invisibility {unknown}
 h - 2 potions of curing {unknown}
 i - a potion of degeneration {unknown}
 j - a potion of cancellation {unknown}
 k - 2 potions of lignification {unknown}
 n - a potion of attraction {unknown}
 o - a potion of magic {unknown}
 s - 2 potions of brilliance {unknown}
 z - a potion of ambrosia {unknown}
 C - a potion of heal wounds {unknown}
 E - a potion of enlightenment {unknown}


   Skills:
 + Level 6.2 Fighting
 + Level 7.4 Long Blades
 + Level 7.8 Armour
 + Level 3.3 Dodging
 + Level 1.0 Stealth
 + Level 6.2 Shields
 + Level 0.2 Unarmed Combat
 + Level 2.6 Shapeshifting


You had 7 spell levels left.
You didn't know any spells.
Your spell library contained the following spells:

 Spells                   Type           Power      Damage    Failure   Level
 Ensorcelled Hibernation  Hex/Ice        0%         N/A       99%         2
 Passwall                 Erth           0%         N/A       100%        3
 Swiftness                Air            0%         N/A       100%        3


Dungeon Overview and Level Annotations

Branches:
Dungeon (6/15)             Temple (1/1) D:5

Altars:
Ashenzari
Cheibriados
Dithmenos
Elyvilon
Fedhas
Gozag
Hepliaklqana
Kikubaaqudgha
Makhleb
Nemelex Xobeh
Okawaru
Qazlal
Ru
Sif Muna
Trog
Uskayaw
Vehumet
Wu Jian
Xom
Yredelemnul
Zin
The Shining One

Annotations:
D:6 Jeremiah


Innate Abilities, Weirdness & Mutations

You are a hulking beast.
Your limbs bulge with bestial killing power. (Slay +1)
You have a pair of horns on your head.
You reflexively headbutt those who attack you in melee.


Message History

You headbutt Jeremiah, but do no damage.
Jeremiah is moderately wounded.
The liquid fire burns you!
The butterfly disappears in a burst of colours!
Jeremiah hits you but does no damage.
You feel drained.
The bombardier beetle barely misses you.
Jeremiah hops!
You shake off some of the fire as you move.
The liquid fire burns you!
The butterfly disappears in a burst of colours! x2
You slash the butterfly!
You kill the butterfly!
The butterfly disappears in a burst of colours!
The liquid fire burns you!
The butterfly disappears in a burst of colours! x2
You shake off some of the fire as you move.
The liquid fire burns you!
You shake off the liquid fire.
The butterfly disappears in a burst of colours!
Jeremiah throws their arms up pleadingly.
Something smites you!
The bombardier beetle barely misses you.
Unknown command.
You slice the bombardier beetle!!
You kill the bombardier beetle!
Okawaru accepts your kill.
The butterfly disappears in a burst of colours! x2
Jeremiah hits you from afar with a +4 trident of draining!
* * * LOW HITPOINT WARNING * * *
You feel drained.
* * * LOW HITPOINT WARNING * * *
Jeremiah closely misses you.
You see here a +0 buckler.
Okay, then.
The butterfly disappears in a burst of colours!
Jeremiah hits you from afar with a +4 trident of draining!
* * * LOW HITPOINT WARNING * * *
You feel drained.
You die...
Jeremiah asks, "Is it over?
Can I wake up now?" ## .. #.# ..##### #.# ...... #.# b.... #.# ####b.. #.####### ...bbbb

#........
####b.F###
#########
#...bbbb[#
########
#.###.##h#
#....... #
#.# #.######
#.# #.# #.#
#.# #.# ###
#.# #>#
##.###.#
#.####.#....#
#.....###.###
######.#.##


You could see Jeremiah.

Vanquished Creatures
  Sigmund (D:3)
  Duvessa (D:4)
  An ice beast (D:5)
  Pargi (D:3)
  A black bear (D:6)
  An ogre (D:6)
  2 phantoms
  2 scorpions
  Dowan (D:4)
  2 howler monkeys
  3 bombardier beetles
  3 hounds
  A jelly (D:4)
  2 gnoll boudas
  Crazy Yiuf (D:2)
  A sleepcap (D:5)
  An iguana (D:6)
  Ijyb (D:3)
  Natasha (thrice) (D:2)
  2 orc wizards
  Terence (D:2)
  Robin (D:3)
  8 gnolls
  9 adders
  2 ufetubi (D:5)
  3 dart slugs
  18 orcs
  8 ball pythons
  8 endoplasms
  3 giant cockroaches
  15 goblins
  11 hobgoblins
  8 quokkas
  2 bats
  2 frilled lizards (D:3)
  9 kobolds
  6 rats
145 creatures vanquished.

Notes
Turn   | Place    | Note
-------+----------+-------------------------------------------
     0 | D:1      | Peloso the Minotaur Fighter began the quest for the Orb.
     0 | D:1      | Reached XP level 1. HP: 19/19 MP: 0/0
   289 | D:1      | Found a faded altar of an unknown god.
   289 | D:1      | Noticed a neqoxec
   550 | D:1      | Reached XP level 2. HP: 27/27 MP: 1/1
  1051 | D:2      | Noticed Terence
  1064 | D:2      | Killed Terence
  1065 | D:2      | Reached XP level 3. HP: 10/33 MP: 2/2
  1462 | D:2      | Noticed Natasha
  1468 | D:2      | Killed Natasha
  1469 | D:2      | Reached XP level 4. HP: 24/40 MP: 3/3
  1645 | D:2      | Found a runed translucent door.
  1646 | D:2      | Noticed Crazy Yiuf
  1888 | D:2      | Noticed Natasha
  1895 | D:2      | Killed Natasha
  1961 | D:2      | Noticed Natasha
  1977 | D:2      | Killed Natasha
  1978 | D:2      | Reached XP level 5. HP: 47/47 MP: 4/4
  2287 | D:3      | Noticed Sigmund
  2294 | D:3      | Killed Sigmund
  2295 | D:3      | Reached skill level 5 in Armour
  2295 | D:3      | Reached skill level 5 in Shields
  2295 | D:3      | Reached skill level 1 in Shapeshifting
  2295 | D:3      | Reached XP level 6. HP: 42/53 MP: 5/5
  2441 | D:3      | Noticed Pargi
  2448 | D:3      | Killed Pargi
  2504 | D:3      | Noticed Ijyb
  2509 | D:3      | Killed Ijyb
  2891 | D:3      | Noticed Robin
  2928 | D:3      | Killed Robin
  3281 | D:4      | Reached skill level 5 in Long Blades
  3312 | D:4      | Reached XP level 7. HP: 60/60 MP: 6/6
  3637 | D:4      | Reached skill level 5 in Fighting
  3637 | D:4      | Reached skill level 1 in Dodging
  3709 | D:4      | Found a shadowy altar of Dithmenos.
  3778 | D:4      | Noticed Duvessa
  3778 | D:4      | Noticed Dowan
  3792 | D:4      | Killed Duvessa
  3794 | D:4      | Killed Dowan
  4666 | D:5      | Entered Level 5 of the Dungeon
  4669 | D:5      | Reached XP level 8. HP: 68/68 MP: 7/7
  4767 | D:5      | Found a stormy altar of Qazlal.
  5025 | D:5      | Found a staircase to the Ecumenical Temple.
  5030 | Temple   | Entered the Ecumenical Temple
  5074 | Temple   | Became a worshipper of Warmaster Okawaru
  5255 | D:5      | Reached skill level 1 in Stealth
  6000 | D:2      | Killed Crazy Yiuf
  6377 | D:6      | Reached * piety under Okawaru
  6478 | D:6      | Noticed Jeremiah
  6508 | D:6      | HP: 3/66 [Jeremiah/+4 trident of draining (11)]
  6508 | D:6      | Slain by Jeremiah

Illustrated notes

Levels and vault maps discovered:
D:1:      denvon_arrival_planthouse, layout_basic,
          dreamdust_ecumenical_altar_sealed_demon, minmay_statues_item,
          patterned_corridor
D:2:      layout_basic, moated_statue, uniq_crazy_yiuf_cottage, uniq_natasha,
          uniq_terence
D:3:      layout_loops_corners, kennysheep_big_empty_room, minmay_box_of_dots,
          uniq_ijyb, uniq_sigmund, uniq_pargi, uniq_robin
D:4:      layout_basic, nicolae_overflow_crystal_walls, minivault_25,
          uniq_duvessa
D:5:      layout_layer_cave, marbit_many_paths, temple_doors_ab
D:6:      layout_loops_ring, gammafunk_ghost_icy, grunt_decor_cap,
          nicolae_sextant, uniq_grinder, uniq_jeremiah, uniq_prince_ribbit1
Temple:   mainiacjoe_temple_cubbyholes

Skill      XL: |  1  2  3  4  5  6  7  8 |
---------------+-------------------------+-----
Fighting       | 4 5 6 |  6.2
Armour         | 4 5 6 7 |  7.8
Long Blades    | 3 4 5 6 7 |  7.4
Shields        | 4 5 6 |  6.2
Shapeshifting  | 1 2 |  2.6
Dodging        | 2 3 |  3.3
Stealth        | 1 |  1.0
Unarmed Combat | |  0.2

Action                     |  1- 3 |  4- 6 |  7- 9 || total
---------------------------+-------+-------+-------++-------
  Melee: Falchion          |    67 |   105 |   153 ||   325
         Long sword        |     4 |       |       ||     4
         Headbutt          |     9 |    14 |    31 ||    54
         Unarmed           |       |     6 |       ||     6
    Use: Scroll            |       |       |     6 ||     6
 Armour: Scale mail        |    46 |       |       ||    46
         Chain mail        |    19 |   117 |   181 ||   317
         Skin              |       |     1 |       ||     1
  Dodge: Dodged            |    42 |    65 |    88 ||   195
  Block: Buckler           |    24 |    33 |    61 ||   118
   Form: Beast             |     1 |       |       ||     1
